 Dungeon Crawl Stone Soup version 0.26-a0-652-gafc20e3620 (webtiles) character file.

Game seed: 7921648746602470890

2489 DoubleLucky the Summoner (level 9, -3/53 HPs)
             Began as a Tengu Summoner on Oct 3, 2020.
             Was a Priest of Vehumet.
             Slain by an orc warrior
             ... wielding a +0 short sword
              (17 damage)
             ... on level 8 of the Dungeon.
             The game lasted 00:53:21 (11651 turns).

DoubleLucky the Summoner (Tengu Summoner)          Turns: 11651, Time: 00:53:22

Health: -3/53      AC:  6    Str:  8    XL:     9   Next: 52%
Magic:  22/26      EV: 18    Int: 18    God:    Vehumet [***...]
Gold:   473        SH:  5    Dex: 18    Spells: 1/18 levels left

rFire    . . .     SeeInvis +   z - +6 spear "Qege" {flame, rPois Dex+2 SInv}
rCold    + . .     Faith    .   (no shield)
rNeg     . . .     Spirit   .   A - +3 leather armour
rPois    +         Reflect  +   (helmet restricted)
rElec    .         Harm     .   (no cloak)
rCorr    .         Rampage  .   (no gloves)
MR       .....                  (boots unavailable)
Stlth    ++........             f - amulet of reflection
HPRegen  0.17/turn              v - ring of protection from cold
MPRegen  0.20/turn              E - ring of magical power

@: flying quickly and evasively, quick
A: beak, talons 3, able to fly
a: Stop Flying, Renounce Religion


You were on level 8 of the Dungeon.
You worshipped Vehumet.
Vehumet was most pleased with you.
You visited 1 branch of the dungeon, and saw 8 of its levels.

You collected 473 gold pieces.

Inventory:

Hand Weapons
 g - a +0 spear
 q - a +1 quarterstaff of draining
 z - the +6 spear "Qege" (weapon) {flame, rPois Dex+2 SInv}
   (You found it on level 5 of the Dungeon)

   It has been specially enchanted to burn those struck by it, causing extra
   injury to most foes and up to half again as much damage against particularly
   susceptible opponents.
   It affects your dexterity (+2).
   It protects you from poison.
   It lets you see invisible.
Missiles
 b - 234 stones
 o - 41 poisoned darts (quivered)
Armour
 A - a +3 leather armour (worn)
 D - a +0 kite shield
Jewellery
 f - an amulet of reflection (around neck)
 v - a ring of protection from cold (left hand)
 y - an uncursed amulet of the acrobat
 E - a ring of magical power (right hand)
Wands
 s - a wand of random effects (17)
 u - a wand of flame (18)
Scrolls
 a - 2 scrolls of identify
 e - 4 scrolls of remove curse
 h - a scroll of magic mapping
 j - a scroll of vulnerability {unknown}
 k - a scroll of blinking {unknown}
 m - 3 scrolls of amnesia {unknown}
 n - 5 scrolls of teleportation
 B - 2 scrolls of enchant weapon {unknown}
 C - 2 scrolls of fear
Potions
 c - 4 potions of heal wounds
 d - 2 potions of brilliance
 p - 3 potions of stabbing
 r - 3 potions of might
 t - 3 potions of curing
 w - a potion of mutation
 x - 3 potions of lignification


   Skills:
 + Level 4.9 Fighting
 + Level 4.2(4.5) Polearms
 - Level 2.0(3.4) Staves
 + Level 5.4 Armour
 + Level 6.0 Dodging
 - Level 2.1 Stealth
 + Level 5.1 Spellcasting
 + Level 8.0 Summonings


You had one spell level left.
You knew the following spells:

 Your Spells              Type           Power        Failure   Level
a - Summon Small Mammal   Summ           ####         1%          1
b - Call Imp              Summ           ####....     1%          2
c - Call Canine Familiar  Summ           ####....     1%          3
d - Summon Hydra          Summ           ####......   99%         7
e - Frozen Ramparts       Ice            #.....       14%         3
p - Sandblast             Erth           #.....       5%          1

Your spell library contained the following spells:

 Spells                   Type           Power        Failure   Level
 Corona                   Hex            #......      19%         1
 Summon Guardian Golem    Hex/Summ       ###.....     11%         3
 Dazzling Flash           Conj/Hex       #.....       14%         3
 Stone Arrow              Conj/Erth      #.....       14%         3
 Corpse Rot               Necr/Air       N/A          26%         2
 Ensorcelled Hibernation  Hex/Ice        #.....       26%         2
 Summon Ice Beast         Ice/Summ       ###.....     34%         4
 Summon Lightning Spire   Summ/Air       ###.....     34%         4
 Confusing Touch          Hex            #.......     47%         3
 Tukima's Dance           Hex            #.......     47%         3
 Summon Forest            Summ/Tloc      ###.......   67%         5
 Eringya's Noxious Bog    Tmut/Pois      #.........   100%        6
 Hydra Form               Tmut           #.........   100%        6


Dungeon Overview and Level Annotations

Branches:
Dungeon (8/15)             Temple (0/1) D:4
   Lair: D:8-11

Altars:
Ashenzari
Cheibriados
Dithmenos
Gozag
Okawaru
Vehumet
Wu Jian
Zin
The Shining One

Shops:
D:4 :   D:5 *

Annotations:
D:7 exclusion: downstairs
D:8 3 exclusions


Innate Abilities, Weirdness & Mutations

You have a beak for a mouth.
You have claws for feet.
You can fly continuously.


Message History

The centaur is severely wounded.
The centaur closely misses you.
Your rat bites the centaur.
The orc warrior hits you with a +0 short sword!
* * * LOW HITPOINT WARNING * * *
Your crimson imp barely misses the centaur.
The centaur barely misses your rat.
Your crimson imp blinks!
You hit the orc warrior. You burn the orc warrior.
You claw the orc warrior, but do no damage.
The orc warrior is lightly wounded.
Your rat bites the centaur but does no damage.
The centaur closely misses your rat. The orc warrior closely misses you.
Your crimson imp hits the centaur.
The centaur hits your rat!
Your rat dies!
Your rat's corpse disappears in a puff of smoke!
Your crimson imp blinks!
The orc warrior hits you with a +0 short sword!
You die...

####### .....
#.5.# #...#
#§c.# # +(§.#
#.##(.@#
#########
#.#(.o.#
#.......#
#5#5#######
##.####.#
#>......... #.#
#.# ##._#######
#.# #.#####.####
#.#
#....##.†..####'
#.#
#....##.........
#5#
#..........##...


You could see an orc warrior, a centaur and 2 friendly crimson imps.

Vanquished Creatures
  2 water moccasins
  A sky beast (D:6)
  2 orc warriors
  A necrophage (D:7)
  A phantom (D:8)
  A centaur (D:5)
  A big kobold (D:7)
  A bullfrog (D:7)
  A gnoll sergeant (D:8)
  A scorpion (D:7)
  A centaur zombie (D:6)
  A bullfrog zombie (D:5)
  A hound (D:8)
  4 orc wizards (D:7)
  3 worker ants
  4 adders
  7 gnolls
  2 shadow imps
  A white imp (D:7)
  An ufetubus (D:6)
  An ooze (D:1)
  An adder skeleton (D:5)
  2 worms
  A dart slug (D:2)
  4 leopard geckos
  7 orcs
  3 ball pythons
  2 giant cockroaches (D:4)
  5 goblins (D:2)
  3 hobgoblins (D:3)
  7 jackals
  3 quokkas
  8 bats
  2 frilled lizards
  A jackal skeleton (D:7)
  11 kobolds
  A leopard gecko skeleton (D:7)
  A quokka skeleton (D:6)
  2 rats (D:3)
102 creatures vanquished.

Vanquished Creatures (collateral kills)
  Menkaure (D:7)
  5 sky beasts
  2 ice beasts
  An eye of draining (D:7)
  2 ogres
  Blork the orc (D:5)
  A big kobold (D:7)
  A scorpion (D:6)
  A howler monkey (D:6)
  A hound (D:7)
  4 orc priests
  A centaur skeleton (D:6)
  4 worker ants
  3 orc wizards
  A hound zombie (D:6)
  A hound skeleton (D:7)
  Robin (D:2)
  7 gnolls
  9 adders
  A shadow imp (D:6)
  3 worms
  4 dart slugs (D:1)
  3 leopard geckos
  12 orcs
  A ball python (D:1)
  2 bats
  A giant cockroach (D:3)
  5 goblins
  3 hobgoblins
  5 jackals
  6 kobolds
  A quokka (D:7)
  2 frilled lizards
  A jackal skeleton (D:4)
  A quokka skeleton (D:5)
  A quokka zombie (D:8)
  5 rats
104 creatures vanquished.

Grand Total: 206 creatures vanquished

Notes
Turn   | Place    | Note
-------+----------+-------------------------------------------
     0 | D:1      | DoubleLucky the Tengu Summoner began the quest for the Orb.
     0 | D:1      | Reached XP level 1. HP: 10/10 MP: 4/4
   405 | D:1      | Reached XP level 2. HP: 12/15 MP: 0/6
   567 | D:1      | Reached skill level 5 in Summonings
   807 | D:1      | Learned a level 2 spell: Call Imp
  1629 | D:2      | Noticed Robin
  1687 | D:2      | Reached XP level 3. HP: 20/20 MP: 4/7
  1837 | D:2      | Found a glowing silver altar of Zin.
  2020 | D:2      | Reached skill level 1 in Armour
  2324 | D:2      | Learned a level 3 spell: Call Canine Familiar
  2342 | D:2      | Reached skill level 1 in Fighting
  2391 | D:2      | Found a glowing golden altar of the Shining One.
  2401 | D:2      | Reached XP level 4. HP: 25/25 MP: 2/8
  3057 | D:2      | Killed Robin
  3404 | D:3      | Found a faded altar of an unknown god.
  3529 | D:3      | Found a snail-covered altar of Cheibriados.
  4033 | D:3      | Gained mutation: You can fly continuously. [Tengu growth]
  4033 | D:3      | Reached XP level 5. HP: 8/29 MP: 0/9
  4315 | D:4      | Noticed an ogre
  4707 | D:3      | Found a radiant altar of Vehumet.
  4719 | D:3      | Became a worshipper of Vehumet
  4850 | D:4      | Found a shadowy altar of Dithmenos.
  4861 | D:4      | Found a staircase to the Ecumenical Temple.
  5059 | D:4      | Killed an ogre
  5059 | D:4      | Reached skill level 1 in Staves
  5133 | D:4      | Found Tycveafu's Book Boutique.
  5350 | D:4      | You fall into a shaft and drop 1 floor!
  5350 | D:5      | Entered Level 5 of the Dungeon
  5351 | D:5      | Noticed a sky beast
  5368 | D:5      | Killed a sky beast
  5368 | D:5      | Reached XP level 6. HP: 27/35 MP: 2/11
  6570 | D:5      | Got an ichor-stained spear
  6570 | D:5      | Identified the +6 spear "Qege" {flame, rPois Dex+2 SInv}
                  | (You found it on level 5 of the Dungeon)
  6589 | D:5      | Reached * piety under Vehumet
  6589 | D:5      | Offered knowledge of Sandblast by Vehumet.
  6592 | D:5      | Reached skill level 6 in Summonings
  6737 | D:5      | Reached XP level 7. HP: 32/40 MP: 9/12
  6923 | D:5      | Noticed Blork the orc
  6941 | D:5      | Killed Blork the orc
  6950 | D:5      | Learned a level 1 spell: Sandblast
  7087 | D:5      | Found Moziagg's Serpentskin Sales.
  7100 | D:5      | Reached skill level 1 in Polearms
  8018 | D:6      | Reached XP level 8. HP: 43/46 MP: 7/14
  8360 | D:6      | Found a broken altar of Ashenzari.
  8486 | D:6      | Learned a level 7 spell: Summon Hydra
  8933 | D:6      | Reached skill level 7 in Summonings
  8942 | D:6      | Reached skill level 5 in Dodging
  9407 | D:7      | Found an ornate altar of the Wu Jian Council.
  9418 | D:7      | Found an opulent altar of Gozag.
  9656 | D:7      | Reached ** piety under Vehumet
  9656 | D:7      | Offered knowledge of Shock by Vehumet.
  9830 | D:7      | Reached XP level 9. HP: 51/52 MP: 13/16
  9951 | D:7      | Reached skill level 5 in Armour
 10332 | D:7      | Offered knowledge of Frozen Ramparts by Vehumet.
 10343 | D:7      | Learned a level 3 spell: Frozen Ramparts
 10411 | D:7      | Noticed Menkaure
 10425 | D:7      | Killed Menkaure
 10685 | D:7      | Reached *** piety under Vehumet
 10772 | D:7      | Reached skill level 5 in Spellcasting
 11087 | D:8      | Noticed a two-headed ogre
 11323 | D:8      | Reached skill level 8 in Summonings
 11602 | D:8      | Found an iron altar of Okawaru.
 11651 | D:8      | Slain by an orc warrior

Illustrated notes

Levels and vault maps discovered:
D:1:      dpeg_arrival_houses_and_road, layout_basic
D:2:      layout_loops_corners, zin_treasury, tso_altar, uniq_robin
D:3:      minmay_door_path, layout_basic, lemuel_crystal_altar,
          cheibriados_altar_1, chequers_ecumenical_altar_lobes
D:4:      layout_basic, nicolae_dithmenos_through_a_glass_darkly,
          minmay_temple_entry_junction, serial_shops, kennysheep_mini_moat
D:5:      layout_loops_ring, roderic_lattice_a, hex_large,
          chequers_serial_rivers_room_a, minivault_11, guppyfry_shop_venom,
          uniq_blork_the_orc
D:6:      layout_gridville, lemuel_doored_altar
D:7:      layout_gridville, amethyst_overflow_temple_binary, minivault_25,
          kennysheep_opposing_triangles, uniq_menkaure
D:8:      minmay_quarter_circles, layout_basic, overflow_temple_1_default

Skill      XL: |  1  2  3  4  5  6  7  8  9 |
---------------+----------------------------+-----
Summonings     | 5 6 7 8 |  8.0
Armour         | 1 2 3 4 5 |  5.4
Fighting       | 1 2 3 4 |  4.9
Dodging        | 3 4 5 6 |  6.0
Staves         | 1 2 |  2.0
Spellcasting   | 3 4 5 |  5.1
Polearms       | 1 3 4 |  4.2
Stealth        | |  2.1

Action                   |  1- 3 |  4- 6 |  7- 9 || total
-------------------------+-------+-------+-------++-------
Melee: Unarmed           |     6 |       |       ||     6
       Kick              |     4 |    21 |    24 ||    49
       Spear             |    35 |   139 |   219 ||   393
       Peck              |     2 |    14 |    20 ||    36
       Quarterstaff      |       |     3 |       ||     3
Throw: Dart              |       |     1 |       ||     1
       Stone             |       |     1 |       ||     1
 Cast: Summon Small Mamm |    61 |    59 |    75 ||   195
       Call Imp          |    15 |    22 |    28 ||    65
       Call Canine Famil |       |    20 |    41 ||    61
 Abil: Fly               |       |       |     1 ||     1
  Use: Scroll            |       |       |    12 ||    12
 Stab: Distracted        |     2 |       |     7 ||     9
       Sleeping          |     1 |     3 |     1 ||     5
Armor: Robe              |     6 |    22 |       ||    28
       Leather armour    |       |     1 |    12 ||    13
Dodge: Dodged            |    17 |    65 |    68 ||   150
Block: Other             |     4 |    23 |    27 ||    54
       Reflection        |       |       |     6 ||     6

Table legend: (Time is in decaauts)
 A = Elapsed time spent in this place.
 B = Non-inter-level travel time spent in this place.
 C = Inter-level travel time spent in this place.
 D = Time resting spent in this place.
 E = Time spent auto-exploring this place.
 F = Levels seen in this place.
 G = Mean time per level.
                   A        B        C        D        E       F      G
               +--------+--------+--------+--------+--------+-----+--------+
         Total |  11406 |  11070 |    336 |   1352 |   7167 |   8 | 1425.8 |
       Dungeon |  11406 |  11070 |    336 |   1352 |   7167 |   8 | 1425.8 |
               +--------+--------+--------+--------+--------+-----+--------+

Top non-repeatable levels by time:
     D:2: 2092 daAuts
     D:7: 1612 daAuts
     D:5: 1596 daAuts
     D:3: 1473 daAuts
     D:6: 1398 daAuts
     D:1: 1308 daAuts
     D:4: 1251 daAuts
     D:8: 672 daAuts
